 Dungeon Sprint DCSS version 0.22-a0-848-ge9e22a0 (webtiles) character file.

996 protoss039 the Cleaver (level 7, -13/106 HPs)
             Began as a Minotaur Fighter on July 27, 2018.
             Mangled by a death cob (15 damage)
             ... in the Dungeon (Sprint V: "Ziggurat Sprint").
             The game lasted 00:12:48 (526 turns).

protoss039 the Cleaver (Minotaur Fighter)            Turns: 526, Time: 00:12:51

Health: -13/106    AC: 29    Str: 33    XL:     7   Next: 99%
Magic:  6/6        EV:  2    Int:  5    God:
Gold:   0          SH: 32    Dex: 16    Spells: 6/6 levels left

rFire    . . .     SeeInvis +   A - +14 obsidian axe {chop, +Fly SInv *Curse}
rCold    . . .     Gourm    .   C - +18 shield of the Gong {rElec rN+ MR+ EV-5}
rNeg     + . .     Faith    .   B - +15 Maxwell's patent armour {-Cast -Tele rElec MR+ rCorr}
rPois    .         Spirit   .   (helmet restricted)
rElec    +         Reflect  .   (no cloak)
rCorr    +         Harm     .   (no gloves)
MR       ++...     NoTele   +   (no boots) Stlth ..........NoCast +
                                (no amulet)
HPRegen  0.27/turn              z - +6 ring of dexterity
MPRegen  0.10/turn              D - +6 ring of strength

@: mighty, berserking, mesmerised, slowed
A: retaliatory headbutt, horns 2
a: Evoke Flight


You were in the Dungeon.
You were not hungry.

You visited 1 branch

Inventory:

Hand Weapons
 n - a +5 broad axe
 A - the +14 obsidian axe (weapon) {chop, +Fly SInv *Curse}
   (You found it in the Dungeon)

   It inflicts extra damage upon your enemies.
   It lets you see invisible.
   It lets you fly.
   It curses itself when equipped.
Armour
 B - the +15 Maxwell's patent armour (worn) {-Cast -Tele rElec MR+ rCorr}
   (You found it in the Dungeon)

   It insulates you from electricity.
   It affects your resistance to hostile enchantments.
   It prevents spellcasting.
   It prevents most forms of teleportation.
   It provides partial protection from all sources of acid and corrosion.
 C - the +18 shield of the Gong (worn) {rElec rN+ MR+ EV-5}
   (You found it in the Dungeon)

   It affects your evasion (-5).
   It insulates you from electricity.
   It protects you from negative energy.
   It affects your resistance to hostile enchantments.
Jewellery
 l - an uncursed ring of wizardry
 z - a +6 ring of dexterity (left hand)
 D - a +6 ring of strength (right hand)
 F - an uncursed ring of flight
Wands
 w - a wand of disintegration (7)
 x - a wand of iceblast (7)
 y - a wand of acid (7)
Scrolls
 a - 4 scrolls of amnesia
 b - a scroll of brand weapon
 c - 7 scrolls of fog
 k - 4 scrolls of blinking
 m - a scroll of holy word
 o - 5 scrolls of identify
 p - 4 scrolls of remove curse
 q - 2 scrolls of fear
Potions
 d - 5 potions of might
 e - 10 potions of curing
 g - 3 potions of heal wounds
 h - 6 potions of haste
 i - 7 potions of magic
 j - 2 potions of berserk rage
 r - 2 potions of brilliance
 s - 4 potions of resistance
 u - 5 potions of agility
 v - 2 potions of invisibility
Comestibles
 f - 7 rations


   Skills:
 + Level 9.8 Fighting
 * Level 13.0 Axes
 + Level 9.6 Armour
 + Level 10.3 Shields


You had 6 spell levels left.
You didn't know any spells.
Your spell library contained the following spells:

 Spells                   Type           Power        Failure   Level  Hunger
 Conjure Flame            Conj/Fire      #.......     100%        3    ####...
 Sticky Flame             Conj/Fire      #.......     100%        4    #####..
 Regeneration             Chrm/Necr      #.........   100%        3    ####...
 Iron Shot                Conj/Erth      #.........   100%        6    #######
 Shroud of Golubria       Chrm/Tloc      #.........   100%        2    ###....
 Infusion                 Chrm           #...         99%         1    ##.....
 Song of Slaying          Chrm           #.......     100%        2    ###....
 Spectral Weapon          Hex/Chrm       #.......     100%        3    ####...
 Borgnjor's Vile Clutch   Necr/Erth      #.........   100%        5    ######.


Dungeon Overview and Level Annotations

Branches:
Dungeon (1/1)

Altars:
Ashenzari
Cheibriados
Dithmenos
Elyvilon
Fedhas
Gozag
Hepliaklqana
Kikubaaqudgha
Makhleb
Nemelex Xobeh
Okawaru
Qazlal
Ru
Sif Muna
Trog
Uskayaw
Vehumet
Wu Jian
Xom
Yredelemnul
Zin
The Shining One
Beogh
Jiyva
Lugonu

Annotations:
D 1 transporter


Innate Abilities, Weirdness & Mutations

You reflexively headbutt those who attack you in melee.
You have a pair of horns on your head.


Message History

You are too berserk!
You slash the draconian! Your headbutt misses the draconian.
The draconian is heavily wounded.
You closely miss the death cob. You barely miss the death cob.
Your Maxwell's patent armour prevents you from hitting the draconian.
You block the death cob's attack.
GONNNNG!
The death cob hits you!
* * * LOW HITPOINT WARNING * * *
The death cob drains your vigour!
You feel as though you will be slow longer.
You block the death cob's attack.
GONNNNG!
You block the death cob's attack.
PANG!
The draconian hits you but does no damage.
The death cob hits you but does no damage.
The draconian hits you but does no damage.
The death cob hits you!
You die...

▓▓▓▓▓▓▓▓▓▓▓▓▓▓▓▓▓▓▓
▓.8©8.▓.8©8.▓.8©8.▓
▓.=|[.▓.....▓.....▓
▓..|..▓.....▓...).▓
▓.....▓.....▓.))..▓
▓zzd..▓.....▓.....▓
▓.@d..▓.....▓..©..▓
▓..©..▓..©..▓▓▓▓▓▓▓
▓▓▓▓▓▓▓▓▓▓▓▓▓


You could see 2 death cobs and 2 draconians.

Vanquished Creatures
  2 merfolk (D)
  2 porcupines (D)
  A river rat (D)
5 creatures vanquished.

Vanquished Creatures (others)
  A spatial maelstrom (D)
1 creature vanquished.

Grand Total: 6 creatures vanquished

Notes
Turn   | Place    | Note
-------+----------+-------------------------------------------
     0 | D        | Found the +6 Majin-Bo {vamp, Archmagi MP+6 Int+6}
     0 | D        | Found the +7 great mace "Firestarter" {inner flame, rF++}
     0 | D        | protoss039 the Minotaur Fighter began the quest for the Orb.
     0 | D        | Reached XP level 1. HP: 19/19 MP: 0/0
     0 | D        | Banished a spatial maelstrom
    18 | D        | Found a deep blue altar of Sif Muna.
    18 | D        | Found a bloodstained altar of Trog.
    18 | D        | Found a sacrificial altar of Ru.
    18 | D        | Found a stormy altar of Qazlal.
    18 | D        | Found an iron altar of Okawaru.
    22 | D        | Found a sparkling altar of Nemelex Xobeh.
    23 | D        | Found a corrupted altar of Lugonu.
    23 | D        | Found a burning altar of Makhleb.
    23 | D        | Found an ancient bone altar of Kikubaaqudgha.
    23 | D        | Found a transporter.
    23 | D        | Found a viscous altar of Jiyva.
    27 | D        | Found a hazy altar of Hepliaklqana.
    29 | D        | Found an opulent altar of Gozag.
    30 | D        | Found a blossoming altar of Fedhas.
    49 | D        | Became a worshipper of the Shining One
   115 | D        | Found the +9 heavy crossbow "Sniper" {velocity, Acc+∞ SInv}
   115 | D        | Found the +10 dark maul {crush}
   115 | D        | Found the +15 Maxwell's patent armour {-Cast -Tele rElec MR+ rCorr}
   115 | D        | Found the +18 shield of the Gong {rElec rN+ MR+ EV-5}
   115 | D        | Found the cursed +14 obsidian axe {chop, +Fly SInv *Curse}
   118 | D        | Found the +6 shillelagh "Devastator" {shatter}
   118 | D        | Found the +11 plutonium sword {*Contam Stlth-}
   118 | D        | Found the +8 lance "Wyrmbane" {slay drac, rPois rF+ rC+ AC+3}
   118 | D        | Found the +9 sword of Zonguldrok {reap}
   118 | D        | Found the cursed +13 scythe of Curses {drain, *Curse}
   118 | D        | Found the +0 sword of Power
   118 | D        | Found the +7 mace of Variability {chain chaos}
   118 | D        | Found the +7 Singing Sword
   118 | D        | Found the +7 longbow "Piercer" {penet, EV-2}
   164 | D        | Entered arena 2.
   164 | D        | Noticed a merfolk
   164 | D        | Noticed a merfolk
   164 | D        | Found a transporter.
   166 | D        | Was placed under penance by the Shining One
   166 | D        | Noticed a red devil
   174 | D        | Noticed an orange demon
   175 | D        | Killed a merfolk
   175 | D        | Reached skill level 6 in Axes
   175 | D        | Reached XP level 2. HP: 17/35 MP: 1/1
   175 | D        | Reached XP level 3. HP: 20/40 MP: 2/2
   175 | D        | Reached XP level 4. HP: 24/48 MP: 3/3
   175 | D        | Reached XP level 5. HP: 26/53 MP: 4/4
   175 | D        | Noticed an ice devil
   176 | D        | Killed a merfolk
   176 | D        | Reached skill level 7 in Axes
   176 | D        | Reached XP level 6. HP: 29/64 MP: 5/5
   178 | D        | Fell from the grace of the Shining One
   485 | D        | Reached skill level 12 in Axes
   485 | D        | Reached XP level 7. HP: 70/70 MP: 6/6
   495 | D        | Entered arena 3.
   495 | D        | Found a transporter.
   497 | D        | Reached skill level 10 in Shields
   497 | D        | Reached skill level 13 in Axes
   506 | D        | Got the Collected Works on Flamy Stones
   511 | D        | Entered arena 4.
   511 | D        | Noticed a death cob
   511 | D        | Noticed a death cob
   511 | D        | Noticed a draconian
   511 | D        | Noticed a draconian
   511 | D        | Found a transporter.
   516 | D        | HP: 1/71 [death cob (7)]
   526 | D        | HP: 2/106 [death cob (13)]
   526 | D        | Mangled by a death cob

Vault maps used:
D:        sprint_v

Skill      XL: |  1  2  3  4  5  6  7 |
---------------+----------------------+-----
Fighting       | 8 9 |  9.8
Axes           | 6 7 12 13 | 13.0
Armour         | 7 9 |  9.6
Shields        | 8 9 10 | 10.3

Action                   |  1- 3 |  4- 6 |  7- 9 || total
-------------------------+-------+-------+-------++-------
Melee: Broad axe         |     6 |     7 |     8 ||    21
       Headbutt          |     1 |     1 |     1 ||     3
  Use: Scroll            |     1 |       |       ||     1
       Potion            |       |     1 |     9 ||    10
Armor: Plate armour      |     6 |     7 |    38 ||    51
Dodge: Dodged            |       |     2 |     2 ||     4
Block: Shield            |    21 |    15 |    64 ||   100

Table legend:
 A = Spawn XP
 B = Non-spawn XP
 C = Spawn XP percentage of total XP
 D = Spawn monster count
 E = Non-spawn monster count
 F = Spawn count percentage of total count
 G = Total turns spent on level
                    A         B        C        D         E        F      G
               +---------+---------+-------+---------+---------+-------+---------
         Total |       0 |     879 |   0.0 |       0 |       5 |   0.0 |   526
               +---------+---------+-------+---------+---------+-------+---------
             D |       0 |     879 |   0.0 |       0 |       5 |   0.0 |   526
               +---------+---------+-------+---------+---------+-------+---------
